 Dungeon Crawl Stone Soup version 0.25-a0-201-g0bb11aece9 (webtiles) character file.

Game seed: 14451635768021595853, levelgen mode: deterministic

52 MisterFreud the Skirmisher (level 3, -2/26 HPs)
             Began as an Octopode Artificer on Dec 2, 2019.
             Slain by an adder (4 damage)
             ... on level 2 of the Dungeon.
             The game lasted 00:01:21 (1297 turns).

MisterFreud the Skirmisher (Octopode Artificer)     Turns: 1297, Time: 00:01:22

Health: -2/26      AC:  1    Str: 11    XL:     3   Next: 85%
Magic:  5/5        EV: 13    Int: 14    God:
Gold:   96         SH:  0    Dex: 15    Spells: 2/2 levels left

rFire    . . .     SeeInvis .   i - +1 whip (freeze)
rCold    . . .     Gourm    .   (no shield)
rNeg     . . .     Faith    .   (helmet restricted)
rPois    .         Spirit   .   (no amulet)
rElec    .         Reflect  .   l - +3 ring of dexterity
rCorr    .         Harm     .   (no ring)
MR       .....                  (no ring)
Stlth    +++.......             (no ring)
HPRegen  0.08/turn              (no ring)
MPRegen  0.09/turn              (no ring)
                                (no ring)
                                (no ring)

@: lethally poisoned (-2 -> -9)
A: almost no armour, stealthy swim, amphibious, 8 rings, constrict 8, camouflage
1, gelatinous body 1
a: no special abilities


You were on level 2 of the Dungeon.
You were not hungry.

You visited 1 branch of the dungeon, and saw 2 of its levels.

You collected 96 gold pieces.

Inventory:

Hand Weapons
 a - a +0 short sword
 i - a +1 whip of freezing (weapon)
Jewellery
 l - a +3 ring of dexterity (left tentacle)
Wands
 b - a wand of flame (15)
 c - a wand of enslavement (15)
 d - a wand of random effects (15)
Scrolls
 e - 2 scrolls of remove curse {unknown}
 h - a scroll of identify {unknown}
 o - a scroll of enchant weapon {unknown}
 p - a scroll of blinking {unknown}
Potions
 j - a potion of curing {unknown}
 k - 2 potions of degeneration {unknown}
 m - a potion of lignification {unknown}
 n - a potion of cancellation {unknown}
Comestibles
 f - 3 rations
 g - 3 chunks of flesh


   Skills:
 + Level 3.6 Fighting
 - Level 1.0 Short Blades
 - Level 2.0 Dodging
 - Level 1.3 Stealth
 - Level 3.2 Evocations


You had 2 spell levels left.
You didn't know any spells.
Your spell library was empty.

Dungeon Overview and Level Annotations

Branches:
Dungeon (2/15)

Altars:


Innate Abilities, Weirdness & Mutations

You cannot wear most types of armour.
You are very stealthy in the water. (Stealth+)
You are amphibious.
You can wear up to eight rings at the same time.
You can use your tentacles to constrict eight enemies at once.
Your skin changes colour to match your surroundings (Stealth+).
Your rubbery body absorbs attacks. (AC +1, EV +1)


Message History

The adder is moderately wounded.
You constrict the adder. The adder closely misses you. The adder bites you.
The adder closely misses you.
You are too injured to fight recklessly!
You are too injured to fight recklessly!
You barely miss the adder. Your grab misses the adder. You constrict the adder.
You feel sick.
The adder is no longer moving slowly.
The adder bites you but does no damage. The adder bites you.
You barely miss the adder. You grab the adder. You constrict the adder.
You kill the adder!
You constrict the adder. The adder bites you.
* * * LOW HITPOINT WARNING * * *
The kobold throws a stone.
The stone barely misses you.
You hit the adder. You freeze the adder.
The adder is moderately wounded.
You constrict the adder. The adder bites you.
* * * LOW HITPOINT WARNING * * *
You are more poisoned.
The adder poisons you! The adder bites you.
You die...

##########......#
.............##.###
.#########.#.#....#
.............#....#
.#########.###.%..#
..........รท.......#
###.
.#####.###.##.....#.....
.#####..##.##....S...##.
...........##(..@.K....<
...........##....)##.#..
...........##....... .
.######.##.##.....##.#
...............#... #
########.#.#####.#..
#.#.. ....#. # #.# #....
...


You could see an adder and a kobold.

Vanquished Creatures
  2 adders (D:2)
  A worm (D:2)
  4 leopard geckos
  3 giant cockroaches
  2 goblins (D:2)
  3 hobgoblins (D:1)
  4 bats
  2 frilled lizards (D:1)
  A kobold (D:2)
  6 rats
28 creatures vanquished.

Notes
Turn   | Place    | Note
-------+----------+-------------------------------------------
     0 | D:1      | MisterFreud the Octopode Artificer began the quest for the
                  | Orb.
     0 | D:1      | Reached XP level 1. HP: 13/13 MP: 3/3
   367 | D:1      | Reached XP level 2. HP: 17/19 MP: 4/4
   983 | D:2      | Reached XP level 3. HP: 17/26 MP: 5/5
  1297 | D:2      | Slain by an adder

Levels and vault maps discovered:
D:1:      minmay_arrival_loop, layout_loops_ring, minivault_26,
          minmay_pentomino_r2
D:2:      layout_basic

Skill      XL: |  1  2 |
---------------+-------+-----
Fighting       | 2 3 |  3.6
Short Blades   | |  1.0
Dodging        | |  2.0
Stealth        | |  1.3
Evocations     | |  3.2

Action                   || total
-------------------------++-------
Melee: Short sword       ||    10
       Constrict         ||    16
       Whip              ||    43
       Tentacles         ||     4
 Stab: Sleeping          ||     7
  Eat: Chunk             ||     1
Armor: Skin              ||     7
Dodge: Dodged            ||    25

Table legend:
 A = Non-vault XP
 B = Vault XP
 C = Vault XP percentage of total XP
 D = Non-vault monster count
 E = Vault monster count
 F = Vault count percentage of total count
                 A         B        C        D         E       F
            +---------+---------+-------+---------+---------+-------
      Total |      73 |       2 |   2.7 |      27 |       1 |   3.6
            +---------+---------+-------+---------+---------+-------
        D:1 |      19 |       2 |   9.5 |      12 |       1 |   7.7
        D:2 |      54 |       0 |   0.0 |      15 |       0 |   0.0
            +---------+---------+-------+---------+---------+-------
